AoeStats
← lxnmnk Trade | B | S

African Clearing

510387707Analyzed
4v4 RM · 1d ago on Sep 30, 2026· 35m 58s· 8 players
Game mode
Random Map
Map size
Large (8 player)
Population
200
Speed
Normal
Resources
Standard
Victory
Conquest
Starting age
Dark Age
Ending age
Imperial Age
RankedLock teamsTeams togetherTeam positionsShared explorationLock speedFull tech treeHidden civsTurbo modeCheats
Victory
Defeat
🇫🇷 Huns · France
1847
+11
🇫🇷 Cumans · France
1838
+11
🇫🇷 Gurjaras · France
1745
+15
🇫🇷 Aztecs · France
1713
+16
🇨🇦 Varangians · Canada
1807
-17
🇺🇦 Lithuanians · Ukraine
1736
-14
🇦🇷 Georgians · Argentina
1670
-11
🇨🇴 Persians · Colombia
1669
-11
Fs.BlinkAoE
9:36 Loom
11:51 Feudal Age
12:27 Double-Bit Axe
13:21 Horse Collar
15:19 Bloodlines
21:06 Castle Age
19:57 Scale Barding Armor
21:09 Forging
21:59 Husbandry
21:26 Light Cavalry
27:14 Wheelbarrow
31:00 Husbandry
32:09 Town Watch
33:46 Iron Casting
EL TIGRE ABELARDO
9:50 Loom
12:02 Feudal Age
12:22 Double-Bit Axe
14:54 Horse Collar
22:15 Scale Barding Armor
27:25 Castle Age
26:09 Stone Mining
26:14 Fletching
26:31 Gold Mining
28:25 Bow Saw
28:10 Bodkin Arrow
lxnmnk Trade | B | S
12:09 Feudal Age
11:39 Loom
13:03 Double-Bit Axe
15:10 Forging
15:27 Scale Barding Armor
16:18 Horse Collar
18:27 Wheelbarrow
24:49 Bloodlines
31:04 Castle Age
FutureEwe5582
4:57 Loom
13:15 Feudal Age
18:38 Castle Age
17:23 Double-Bit Axe
19:55 Horse Collar
20:26 Bow Saw
26:40 Town Watch
27:18 Fletching
29:30 Scale Barding Armor
31:54 Chain Barding Armor
AOKI_Nyusika
6:08 Loom
8:37 Loom
11:48 Feudal Age
12:24 Double-Bit Axe
13:14 Fletching
14:57 Horse Collar
20:50 Scale Mail Armor
21:02 Forging
25:38 Castle Age
25:31 Bloodlines
25:14 Gold Mining
26:16 Bodkin Arrow
25:42 Crossbowman
26:34 Bow Saw
31:52 Padded Archer Armor
35:27 Heavy Plow
AOKI_Thanouille
8:18 Loom
10:34 Feudal Age
11:13 Double-Bit Axe
13:33 Town Watch
16:03 Wheelbarrow
19:44 Bloodlines
20:33 Forging
20:46 Forging
25:25 Castle Age
23:45 Scale Barding Armor
25:05 Gold Mining
28:24 Horse Collar
29:45 Fletching
30:53 Bow Saw
32:46 Bodkin Arrow
33:59 Padded Archer Armor
34:59 Ballistics
35:10 Hand Cart
AOKI_Totor
4:29 Loom
12:37 Feudal Age
13:08 Double-Bit Axe
14:01 Town Watch
19:34 Castle Age
18:14 Scale Barding Armor
26:47 Bloodlines
27:55 Gold Mining
34:26 Forging
Defonceur2Well67
11:15 Loom
12:44 Loom
14:58 Feudal Age
19:34 Castle Age
17:51 Scale Mail Armor
18:43 Gold Mining
19:04 Forging
19:00 Double-Bit Axe
20:25 Squires
23:38 Eagle Warrior
25:05 Horse Collar
27:02 Wheelbarrow
27:27 Sanctity
28:38 Arson
29:16 Fervor
30:21 Chain Mail Armor
31:26 Town Watch
32:30 Redemption
33:40 Iron Casting
35:07 Bow Saw
35:04 Heavy Plow
Connection lost

Rejoining the realm…

Still unreachable

The connection could not be restored.

Session expired

The server has moved on; the page needs a fresh start.